[Event "13th Poti Nana Aleksandria Cup"]
[Site "Poti"]
[Date "2018.07.18"]
[Round "7"]
[White "Matsenko, Vadim"]
[Black "Bibilashvili, Lali"]
[Result "1-0"]
[ECO "B10"]
[WhiteElo "2106"]
[BlackElo "1816"]
[Annotator "NA"]
[PlyCount "97"]
[EventDate "2018.07.13"]
[EventType "swiss"]
[EventCountry "GEO"]
[SourceTitle "playchess.com"]
[Source "ChessBase"]
[SourceQuality "1"]
[TimeControl "40/5400+30:1800+30"]

1. e4 c6 2. Nc3 d5 3. Qe2 {[%emt 0:00:14] B11: Caro-Kann (Zweispringer-Variante)} (3. Nf3 g6 4. h3 Bg7 5. d4 dxe4 6. Nxe4 Nf6 7. Nxf6+ exf6 8. Bc4 O-O 9. O-O a5 10. a4 Nd7 11. Bf4 Nb6 12. Bb3 Nd5 13. Bh2 Be6 14. Re1 Re8 15. Nd2 f5 16. Nc4 f4 17. c3 {0-1 (42) Lu,S (2630)-Wei,Y (2734) Tianjin 2018}) 3... dxe4 4. Nxe4 Nf6 5. d3 Bf5 6. Bf4 e6 $146 ({Vorgänger:} 6... Bxe4 7. dxe4 Qa5+ 8. c3 e5 9. Bg3 Nbd7 10. Nf3 O-O-O 11. Qc2 Nh5 12. Ng5 Re8 13. Nxf7 Rg8 14. Bc4 Qc5 15. Qd3 Be7 16. Be6 Nhf6 17. Nxe5 Nxe4 18. Bxd7+ {1-0 (18) Wohde,J-Reykowski,H Lahnstein 1999}) 7. O-O-O Be7 8. Ng3 Bg6 9. Nf3 Nbd7 10. Nh4 Qa5 11. Nxg6 hxg6 12. Kb1 Nd5 13. Bd2 Qb6 14. Ka1 Bf6 15. c3 Nc5 16. Ne4 O-O-O 17. Nxf6 gxf6 18. Be3 Rh4 19. Bxc5 Qxc5 20. d4 Qb6 21. g3 Rh5 22. Bg2 Nc7 23. Be4 Ra5 24. Bc2 Rdd5 25. h4 Nb5 26. Rd3 Nd6 27. b4 Ra3 28. Bb3 Rh5 29. Bxe6+ fxe6 30. Qxe6+ Kc7 31. Qe7+ Kc8 32. Qxd6 Rxa2+ 33. Kxa2 Qa6+ 34. Kb3 Qxd3 35. Re1 Rh8 36. Qxf6 Rd8 37. Qe6+ Kb8 38. Qe4 Qa6 39. Qxg6 b5 40. Re8 Qa4+ 41. Kb2 Rxe8 42. Qxe8+ Kc7 43. Qf7+ Kb6 44. Qb3 Qa6 45. Qe6 Qa4 46. d5 a5 47. Qxc6+ Ka7 48. Qc7+ Ka6 49. bxa5 1-0

[Event "13th Poti Nana Aleksandria Cup"]
[Site "Poti"]
[Date "2018.07.18"]
[Round "7"]
[White "Mustafayev, Farid"]
[Black "Vakhania, Aleksandra"]
[Result "1/2-1/2"]
[ECO "B10"]
[WhiteElo "2068"]
[BlackElo "2182"]
[Annotator "NA"]
[PlyCount "122"]
[EventDate "2018.07.13"]
[EventType "swiss"]
[EventCountry "GEO"]
[SourceTitle "playchess.com"]
[Source "ChessBase"]
[SourceQuality "1"]
[TimeControl "40/5400+30:1800+30"]

1. e4 c6 2. c4 e5 3. Nf3 d6 4. d4 Qc7 5. Nc3 Be7 6. Be2 Nf6 7. O-O O-O 8. h3 {[%emt 0:01:11] A53: Old Indian Defence without Nf3} (8. Re1 Re8 9. Qc2 Bg4 10. Be3 Nbd7 11. Rac1 Bf8 12. d5 a5 13. b3 Nc5 14. Nd2 Bxe2 15. Rxe2 Ng4 16. Bxc5 dxc5 17. dxc6 bxc6 {1-0 (70) Antonenko,V (2308)-Bocharov,I (2517) Novosibirsk 2016}) 8... a6 9. Be3 b5 10. cxb5 $146 ({Predecessor:} 10. a3 bxc4 11. Bxc4 Nbd7 12. Rc1 Qb8 13. Qc2 Bb7 {0-1 (27) Passerotti,P (2350)-Mantovani,R (2410) Forli 1988}) 10... axb5 11. Qb3 exd4 12. Nxd4 Na6 13. a3 Nc5 14. Qc2 Qb7 15. f4 Bd7 16. Bf3 Na4 17. e5 dxe5 18. fxe5 Nd5 19. Nxd5 cxd5 20. Qb3 Be6 (20... Nb6 $14) 21. Rfd1 Bc5 22. Nxe6 fxe6 23. Bxc5 Nxc5 24. Qe3 Rac8 25. Rac1 Na4 26. Bg4 Qe7 27. Rxc8 Rxc8 28. Rxd5 h5 29. Bxe6+ Qxe6 30. Rxb5 Qc4 31. Rb7 Qc5 32. Qxc5 Nxc5 33. Rb5 Kf7 34. e6+ Kxe6 35. b4 Ne4 36. Rxh5 Ra8 37. Ra5 Rc8 38. Kh2 Rc2 39. b5 Rb2 40. a4 Nc5 41. b6 Nd7 42. Ra7 Rxb6 43. a5 Rb2 44. a6 Ra2 45. h4 g6 46. Ra8 Nb6 47. Rg8 Kf7 48. Rd8 Nc4 49. Rd7+ Ke6 50. Rc7 Ne3 51. Rc6+ Kf5 52. Kg3 Nxg2 53. Rc5+ Kf6 54. Rc6+ $15 Kg7 55. Re6 Kh6 56. Re7 Nxh4 57. Kxh4 Ra4+ 58. Kg3 Rxa6 59. Re3 Kg5 60. Rb3 Rf6 61. Rb5+ Rf5 1/2-1/2

[Event "13th Poti Nana Aleksandria Cup"]
[Site "Poti"]
[Date "2018.07.18"]
[Round "7"]
[White "Samadov, Read"]
[Black "Nikulina, Alena"]
[Result "1-0"]
[ECO "E10"]
[WhiteElo "2037"]
[BlackElo "1959"]
[Annotator "NA"]
[PlyCount "67"]
[EventDate "2018.07.13"]
[EventType "swiss"]
[EventCountry "GEO"]
[SourceTitle "playchess.com"]
[Source "ChessBase"]
[SourceQuality "1"]
[TimeControl "40/5400+30:1800+30"]

1. d4 Nf6 2. c4 e6 3. Nf3 c5 4. e3 d5 5. Nc3 b6 6. cxd5 Nxd5 7. Bd3 Bb7 8. O-O Be7 9. e4 Nxc3 10. bxc3 O-O 11. Bb2 Nd7 12. Qe2 Qc7 13. Rad1 Rfd8 14. Nd2 (14. d5 $5) 14... e5 15. d5 Nf8 16. c4 Ng6 17. g3 $16 Bd6 18. h4 Bc8 19. h5 Ne7 20. Kg2 f5 21. exf5 Bxf5 22. Ne4 Qd7 23. Nxd6 Bh3+ 24. Kg1 Qxd6 25. Rfe1 Nf5 26. Kh2 Qd7 27. Qe4 g6 28. g4 Nh6 29. Kxh3 gxh5 30. Rg1 hxg4+ 31. Kg2 Re8 32. Rh1 Qg7 33. Bc1 g3 34. Bxh6 1-0

[Event "13th Poti Nana Aleksandria Cup"]
[Site "Poti"]
[Date "2018.07.18"]
[Round "7"]
[White "Gordon, Evgeny"]
[Black "Shanya Mishra"]
[Result "1-0"]
[ECO "E32"]
[WhiteElo "2016"]
[BlackElo "1980"]
[Annotator "NA"]
[PlyCount "101"]
[EventDate "2018.07.13"]
[EventType "swiss"]
[EventCountry "GEO"]
[SourceTitle "playchess.com"]
[Source "ChessBase"]
[SourceQuality "1"]
[TimeControl "40/5400+30:1800+30"]

1. d4 Nf6 2. c4 e6 3. Nc3 Bb4 4. Qc2 O-O 5. a3 Bxc3+ 6. Qxc3 b6 7. Nf3 Bb7 8. Bg5 d6 9. e3 Nbd7 10. Be2 c5 11. Bh4 Rc8 {[%emt 0:02:49] LiveBook: 7 Games} 12. O-O Qe8 ({Black should try} 12... h6 $11) 13. dxc5 Ne4 14. Qc2 bxc5 15. Nd2 $14 f5 16. Nxe4 fxe4 17. Bg3 Qe7 18. Rfd1 d5 19. Rac1 Qg5 20. Qa4 Bc6 21. Qxa7 Qd8 22. Bg4 Rf6 23. cxd5 Ra8 24. Qc7 Qxc7 25. Bxc7 Bxd5 26. Rxd5 exd5 27. Bxd7 Ra7 28. Be5 Rxd7 29. Bxf6 gxf6 30. Rxc5 Kf7 31. Kf1 d4 32. exd4 Rxd4 33. Ke2 Rd3 34. Rb5 Ke6 35. f3 exf3+ 36. gxf3 Rd4 37. Rb4 Rd5 38. h4 Kd6 39. Ke3 Kc5 40. Rf4 f5 41. Rb4 Rd1 42. Kf4 Rd3 43. h5 Kc6 44. a4 Rd5 45. b3 Rd3 46. Rb5 Rc3 47. Rb8 Rd3 48. a5 Kc7 49. Rb5 Kc6 50. Rb6+ Kc7 51. b4 1-0

[Event "13th Poti Nana Aleksandria Cup"]
[Site "Poti"]
[Date "2018.07.18"]
[Round "7"]
[White "Arakelyan, Nare"]
[Black "Avetisyan, Mariam"]
[Result "0-1"]
[ECO "C54"]
[WhiteElo "1834"]
[BlackElo "2051"]
[Annotator "NA"]
[PlyCount "138"]
[EventDate "2018.07.13"]
[EventType "swiss"]
[EventCountry "GEO"]
[SourceTitle "playchess.com"]
[Source "ChessBase"]
[SourceQuality "1"]
[TimeControl "40/5400+30:1800+30"]

1. e4 e5 2. Nf3 Nc6 3. Bc4 Bc5 4. c3 Nf6 5. d3 d6 6. O-O Bg4 7. b4 Bb6 8. a4 a5 {[%emt 0:03:51] C54: Italienische Partie (Hauptvariante)} (8... a6 9. h3 Be6 10. Bxe6 fxe6 11. Na3 Qd7 12. Nc4 Ba7 13. Be3 Bxe3 14. fxe3 O-O 15. b5 axb5 16. axb5 Ne7 {1-0 (47) Wilke,W (2214)-Rechberger,F (2134) Austria 2017}) 9. b5 Nb8 10. Qb3 O-O 11. Nbd2 Nbd7 12. Ng5 $146 ({Vorgänger:} 12. d4 Bxf3 13. Nxf3 h6 14. Re1 Qe7 15. Ba3 Rae8 16. Nh4 exd4 {1-0 (47) Lasalle,A-Batschari,A France 1991}) 12... Qe7 13. h3 Bh5 14. Qc2 Kh8 15. Bb2 ({Better is} 15. Ngf3 $14) 15... Ng8 ({Besser ist} 15... Bg6 $15) 16. Ngf3 $1 Nh6 17. Bd5 Rab8 18. d4 f5 19. exf5 Rxf5 20. g4 Nf6 21. gxf5 Nxd5 22. Qe4 Nf6 23. Qc2 e4 24. Rfe1 Qd7 25. Nh4 Nxf5 26. Nxf5 Qxf5 27. Re3 Rf8 28. Rf1 Nd5 29. Rg3 Nf4 30. Kh2 Ne2 31. Re3 Qf4+ 32. Kh1 d5 33. Re1 c6 ({Nicht} 33... Qxf2 34. Rf1 $17) 34. R1xe2 ({Reject} 34. R3xe2 Bc7 $19) 34... Bxe2 35. Rxe2 Bc7 36. Nf1 Qf3+ 37. Kg1 Rf6 38. Re3 Rg6+ 39. Ng3 Rxg3+ 40. fxg3 Qxe3+ $19 41. Qf2 Qxf2+ 42. Kxf2 Kg8 43. bxc6 bxc6 44. Bc1 Kf7 45. g4 Kf6 46. h4 g6 47. Bg5+ Ke6 48. Bh6 Bd8 49. Kg3 Be7 50. Bd2 Bd6+ 51. Kg2 Bc7 52. Bh6 Bd8 53. Kg3 Bb6 54. Be3 Bc7+ 55. Kg2 h5 56. Kh3 Bd6 57. Bg5 c5 58. gxh5 gxh5 59. dxc5 Be5 60. Bd2 Kd7 61. Kg2 Kc6 62. c4 dxc4 63. Bxa5 c3 64. Kf2 c2 65. Bd2 Bb2 66. Ke3 Kd5 67. c6 c1=Q 68. Bxc1 Bxc1+ 69. Ke2 Kxc6 0-1

[Event "13th Poti Nana Aleksandria Cup"]
[Site "Poti"]
[Date "2018.07.18"]
[Round "7"]
[White "Tsotsonava, Elene"]
[Black "Pshmahov, Osman"]
[Result "1-0"]
[ECO "B09"]
[WhiteElo "1647"]
[BlackElo "2136"]
[Annotator "NA"]
[PlyCount "115"]
[EventDate "2018.07.13"]
[EventType "swiss"]
[EventCountry "GEO"]
[SourceTitle "playchess.com"]
[Source "ChessBase"]
[SourceQuality "1"]
[TimeControl "40/5400+30:1800+30"]

1. e4 d6 2. d4 Nf6 3. Nc3 g6 4. f4 Bg7 5. Nf3 O-O 6. Bd3 {[%emt 0:00:06] LiveBook: 2345 Partien} Bg4 7. h3 Bxf3 8. Qxf3 Nc6 9. Be3 Nb4 {[%emt 0:01:22] B09: Pirc-Ufimzew-Verteidigung (Dreibauernangriff)} 10. O-O-O c6 11. g4 b5 $146 ({Vorgänger:} 11... Qa5 12. Kb1 b5 13. g5 Nh5 14. f5 c5 15. a3 Nc6 16. Nd5 cxd4 17. Bd2 {½-½ (73) Janocha,W (2298)-Koziak,V (2461) Wroclaw 2007}) 12. h4 Nxd3+ 13. Rxd3 b4 14. Ne2 Qc8 15. f5 c5 {[%emt 0:00:54] [#]} 16. h5 $1 c4 17. Rdd1 b3 18. hxg6 fxg6 19. g5 ({Don't do} 19. axb3 $6 cxb3 20. c3 Qa6 $16) (19. Nc3 $18) 19... bxa2 20. Kd2 Nh5 21. Ng3 Nxg3 22. Qxg3 c3+ 23. bxc3 Qc4 24. Qh4 Rfc8 25. Qxh7+ Kf8 26. f6 Qxc3+ 27. Ke2 Qc4+ 28. Kf3 exf6 29. gxf6 Bxf6 30. Qxg6 Qf7 31. Qxf7+ Kxf7 32. Rh7+ Kf8 33. Rg1 Rc3 34. Ke2 Rxc2+ 35. Kd3 Rac8 36. Bh6+ Bg7 37. Bxg7+ Kg8 38. Rh8+ Kf7 39. Rxc8 Rxc8 40. Bh6 Rh8 41. Bd2 Rh3+ 42. Kc4 Rh4 43. Kd3 Rh3+ 44. Be3 Ke6 45. Ra1 Rh2 46. Bd2 Rh3+ 47. Kc4 Rh4 $18 48. Rxa2 Rxe4 49. Rxa7 Rh4 50. Bb4 Rh8 51. d5+ Kf5 52. Bxd6 Rh1 53. Bc5 Rc1+ 54. Kb5 Ke5 55. Kc6 Rh1 56. d6 Rh6 57. Re7+ Kf5 58. Kc7 1-0

[Event "13th Poti Nana Aleksandria Cup"]
[Site "Poti"]
[Date "2018.07.19"]
[Round "8"]
[White "Hayrapetyan, Hovik"]
[Black "Matevosyan, Sedrak"]
[Result "1-0"]
[ECO "A05"]
[WhiteElo "2453"]
[BlackElo "2161"]
[Annotator "RC"]
[PlyCount "119"]
[EventDate "2018.07.13"]
[EventType "swiss"]
[EventCountry "GEO"]
[SourceTitle "playchess.com"]
[Source "ChessBase"]
[SourceQuality "1"]
[TimeControl "40/5400+30:1800+30"]

1. Nf3 Nf6 2. c4 e6 3. g3 b6 4. Bg2 Bb7 5. O-O c5 6. Nc3 a6 7. b3 d6 8. d4 cxd4 9. Qxd4 Nbd7 10. Bb2 Be7 11. Rad1 O-O 12. Ba3 Nc5 13. Bxc5 bxc5 14. Qf4 Qa5 15. Rd3 Rad8 16. Rfd1 Qb4 17. Ng5 d5 18. cxd5 exd5 19. Nxd5 Nxd5 20. Bxd5 Bxd5 21. Rxd5 Rxd5 22. Rxd5 Qe1+ 23. Kg2 Bxg5 24. Rxg5 Qxe2 25. Qe5 Qxe5 26. Rxe5 Rc8 27. Kf3 f6 28. Re4 Rd8 29. Ra4 Rd6 30. Ra5 Rc6 31. Ke3 c4 32. b4 Rd6 33. Ke2 Kf7 34. Rc5 Rd4 35. Rc6 a5 36. bxa5 c3 37. Rxc3 Ra4 38. a3 g5 39. h3 h5 40. Kd3 Rxa5 41. Kc4 Ra8 42. Kb3 Rb8+ 43. Ka2 Ra8 44. Rc4 Ke6 45. a4 Kd5 46. Kb3 f5 47. h4 g4 48. Rf4 Ke5 49. Kb4 Rb8+ 50. Kc5 Ra8 51. Kb6 Rb8+ 52. Kc6 Rc8+ 53. Kb7 Rc2 54. a5 Rb2+ 55. Kc6 Ra2 56. Kb5 Rb2+ 57. Rb4 Rxf2 58. a6 Ra2 59. Ra4 Rb2+ 60. Ka5 1-0

[Event "13th Poti Nana Aleksandria Cup"]
[Site "Poti"]
[Date "2018.07.19"]
[Round "8"]
[White "Chkhaidze, Nikoloz"]
[Black "Gharagyozyan, Artur"]
[Result "1-0"]
[ECO "D52"]
[WhiteElo "2337"]
[BlackElo "2302"]
[Annotator "NA"]
[PlyCount "91"]
[EventDate "2018.07.13"]
[EventType "swiss"]
[EventCountry "GEO"]
[SourceTitle "playchess.com"]
[Source "ChessBase"]
[SourceQuality "1"]
[TimeControl "40/5400+30:1800+30"]

1. d4 Nf6 2. c4 e6 3. Nc3 d5 4. Nf3 c6 5. Bg5 Nbd7 6. e3 Qa5 7. Nd2 dxc4 8. Bxf6 Nxf6 9. Nxc4 Qd8 10. Be2 Nd5 {[%emt 0:01:15] D52: Queen's Gambit Declined: Cambridge Springs Variation} (10... Be7 11. O-O O-O 12. Bf3 Nd5 13. Rc1 Nxc3 14. Rxc3 Bf6 15. b4 Qe7 16. Qb3 e5 17. dxe5 Bxe5 18. Nxe5 Qxe5 {½-½ (38) Lubczynski,R (2418)-Butkiewicz,L (2462) Poronin 2017}) 11. O-O Be7 12. Ne5 O-O 13. Rc1 Bd6 14. Bd3 $146 ({Predecessor:} 14. Ne4 Bxe5 15. dxe5 Qb6 16. Qd2 Rd8 17. Rfd1 Bd7 18. a3 Be8 19. Qc2 h6 20. Nd6 Kf8 21. Qc5 Qxc5 22. Rxc5 b6 23. Rc2 c5 {½-½ (23) Meyer,H (2305)-Hahner,A Potsdam 1997}) 14... Nxc3 15. Rxc3 Bxe5 16. dxe5 Qd5 17. Qb1 Qxe5 18. Bxh7+ Kh8 19. f4 Qf6 20. Bc2 g6 21. e4 Kg7 22. e5 Qe7 {[%emt 0:00:15] [#]} 23. Rg3 $1 Qe8 $18 24. Rd1 Rh8 25. Rd6 Rh6 26. Qd1 Qe7 27. h3 Qc7 28. Kh2 a5 29. Qd4 c5 30. Qc3 b5 31. Be4 Ra6 32. f5 exf5 33. e6+ Kh7 34. Rxa6 Bxa6 35. Bxf5 fxe6 36. Bxe6 Rh5 37. Qf6 Qg7 38. Qf4 Bb7 39. Bf7 Be4 40. Re3 Rf5 41. Bxg6+ Qxg6 42. Qxe4 Qd6+ 43. Rg3 Qf4 44. Qe8 Qe5 45. Qg8+ Kh6 46. Qg6# 1-0

[Event "13th Poti Nana Aleksandria Cup"]
[Site "Poti"]
[Date "2018.07.19"]
[Round "8"]
[White "Matsenko, Andrei"]
[Black "Yeritsyan, Hayk"]
[Result "1/2-1/2"]
[ECO "A05"]
[WhiteElo "2299"]
[BlackElo "2178"]
[Annotator "NA"]
[PlyCount "44"]
[EventDate "2018.07.13"]
[EventType "swiss"]
[EventCountry "GEO"]
[SourceTitle "playchess.com"]
[Source "ChessBase"]
[SourceQuality "1"]
[TimeControl "40/5400+30:1800+30"]

1. Nf3 Nf6 2. g3 g6 3. b3 Bg7 4. Bb2 c5 5. c4 O-O 6. Bg2 Nc6 7. O-O d6 8. d4 Ne4 9. Nbd2 Nxd2 10. Qxd2 Bg4 11. e3 {[%emt 0:03:01] LiveBook: 4 Games} a5 $146 {[%emt 0:02:15] A49: 1 d4 Nf6 2 Nf3 g6 3 g3: Anti-King's Indian systems} ({Predecessor:} 11... h6 12. h3 Bc8 13. Rad1 Qc7 14. d5 Nb8 15. e4 Nd7 16. Rfe1 Bxb2 17. Qxb2 Ne5 18. Nh2 g5 19. f4 {½-½ (32) Landa,K (2617)-Akash Pc,I (2300) Escaldes 2017}) 12. Ne1 a4 13. d5 Bxb2 ({Lieber} 13... Qa5 $11 14. Qc1 Ne5) 14. Qxb2 Na5 15. Nd3 b5 16. cxb5 axb3 $14 17. axb3 Qb6 18. b4 cxb4 19. Ra4 Qxb5 20. Rxb4 Qxd3 21. Rxg4 Rfb8 22. Rb4 Rxb4 1/2-1/2

[Event "13th Poti Nana Aleksandria Cup"]
[Site "Poti"]
[Date "2018.07.19"]
[Round "8"]
[White "Der Manuelian, Haik"]
[Black "Sattarov, Bobir"]
[Result "1/2-1/2"]
[ECO "C92"]
[WhiteElo "2242"]
[BlackElo "2328"]
[Annotator "NA"]
[PlyCount "123"]
[EventDate "2018.07.13"]
[EventType "swiss"]
[EventCountry "GEO"]
[SourceTitle "playchess.com"]
[Source "ChessBase"]
[SourceQuality "1"]
[TimeControl "40/5400+30:1800+30"]

1. e4 e5 2. Nf3 Nc6 3. Bb5 a6 4. Ba4 Nf6 5. O-O Be7 6. Re1 b5 7. Bb3 d6 8. c3 O-O 9. h3 Bb7 10. d4 Re8 11. Nbd2 Bf8 12. a4 h6 13. Bc2 exd4 14. cxd4 Nb4 15. Bb1 c5 16. d5 Nd7 17. Ra3 c4 18. Nd4 Ne5 (18... Qf6 $5 19. N2f3 Nc5 $11) 19. axb5 axb5 20. Rxa8 $11 {[%emt 0:08:15] LiveBook: 18 Games} Qxa8 21. Nxb5 Qa5 22. Nc3 Ra8 23. Re3 Ba6 24. Rg3 g6 25. h4 Nbd3 26. Nf1 Qb6 27. Ne3 h5 28. Qc2 Bg7 29. Ncd1 Kf8 30. Bd2 Bf6 31. Bc3 Bxh4 32. Rh3 Bg5 33. g3 Re8 34. Qe2 Bc8 35. Rh1 Nc1 36. Qf1 Ba6 37. Kg2 Ned3 38. f4 Bd8 39. Qf3 Nb3 40. Bxd3 cxd3 41. f5 Nd4 42. Bxd4 Qxd4 43. fxg6 Qxe4 44. Rxh5 Qxf3+ 45. Kxf3 fxg6 46. Rh8+ Kf7 47. Rxe8 Kxe8 48. b3 Ba5 49. Nb2 Bb4 50. Nbc4 Ke7 51. Ke4 d2 52. Kd3 Kf6 53. Kc2 Bxc4 54. Nxc4 Kf5 55. Nxd2 Ke5 56. Kd3 Kxd5 57. Nf3 Ke6 58. g4 Ba3 59. Ke4 Bc5 60. Ng5+ Kf6 61. Nf3 Ke6 62. Ng5+ 1/2-1/2

[Event "13th Poti Nana Aleksandria Cup"]
[Site "Poti"]
[Date "2018.07.19"]
[Round "8"]
[White "Ghvamberia, Nika"]
[Black "Arabidze, Meri"]
[Result "1/2-1/2"]
[ECO "B46"]
[WhiteElo "2236"]
[BlackElo "2397"]
[Annotator "NA"]
[PlyCount "123"]
[EventDate "2018.07.13"]
[EventType "swiss"]
[EventCountry "GEO"]
[SourceTitle "playchess.com"]
[Source "ChessBase"]
[SourceQuality "1"]
[TimeControl "40/5400+30:1800+30"]

1. e4 c5 2. Nf3 e6 3. d4 cxd4 4. Nxd4 Nc6 {[%emt 0:00:00] LiveBook: 24426 Games} 5. Nc3 a6 6. Nxc6 bxc6 7. Bd3 d5 8. O-O Nf6 9. Re1 Bb7 10. e5 {[%emt 0:07:48] B46: Sicilian: Taimanov: 5 Nc3 a6} Nd7 11. Qg4 (11. Na4 Qc7 12. Qe2 c5 13. c4 d4 14. b3 Be7 15. Bf4 O-O 16. Bg3 a5 17. f4 Qc6 18. Qc2 g6 19. Nb2 {0-1 (39) Sanal,V (2533)-Berkes,F (2654) Minsk 2017}) 11... Qc7 12. Bf4 c5 $146 ({Predecessor:} 12... g6 13. Na4 c5 14. c4 d4 15. h4 Rc8 16. b3 h6 17. Nb2 Nb8 {0-1 (49) Zsirai,P (2195)-Tutisani,N (1978) Maribor 2012}) 13. b3 g6 14. h4 h5 15. Qg3 Rg8 (15... Be7 $11 {keeps the balance.}) 16. Na4 (16. Nb1 $16) 16... Be7 17. c4 d4 18. Be4 Rb8 19. Nb2 Qd8 20. Bxb7 Rxb7 21. Bg5 Bxg5 22. hxg5 Qc7 23. Nd3 a5 24. Rab1 Ke7 25. Qf4 Rgb8 26. Nb2 Ke8 27. Rbd1 Nb6 28. Nd3 Qe7 29. Rc1 Rc7 30. Rb1 Nc8 31. Qd2 Ra7 32. Rec1 Qc7 33. Qf4 Ne7 34. Qf6 Nf5 35. Qh8+ Ke7 36. Qf6+ Ke8 37. Qh8+ Kd7 38. Qf6 Kc6 39. a3 Rab7 40. b4 axb4 41. axb4 cxb4 42. Rb3 Qe7 $11 43. Qxe7 Nxe7 44. Ra1 Rc7 45. Ra4 Kd7 46. Rbxb4 Rxb4 47. Rxb4 Ra7 48. Kf1 Kc7 49. Ke2 Nc6 50. Rb5 Ra3 51. g3 Rc3 52. c5 Ra3 53. Rb2 Rc3 54. Rb5 Ra3 55. Rb2 Ne7 56. Rb4 Nc6 57. Rb2 Na5 58. Rb4 Nc6 59. Rb2 Rc3 60. Rb5 Ra3 61. Rb2 Rc3 62. Rb5 1/2-1/2

[Event "13th Poti Nana Aleksandria Cup"]
[Site "Poti"]
[Date "2018.07.19"]
[Round "8"]
[White "Poormosavi, Seyed Kian"]
[Black "Matsenko, Vadim"]
[Result "1/2-1/2"]
[ECO "B40"]
[WhiteElo "2221"]
[BlackElo "2106"]
[Annotator "NA"]
[PlyCount "120"]
[EventDate "2018.07.13"]
[EventType "swiss"]
[EventCountry "GEO"]
[SourceTitle "playchess.com"]
[Source "ChessBase"]
[SourceQuality "1"]
[TimeControl "40/5400+30:1800+30"]

1. e4 c5 2. Nf3 e6 3. c4 Nc6 4. Nc3 Nf6 5. Be2 a6 6. O-O Qc7 7. d4 cxd4 8. Nxd4 Nxd4 9. Qxd4 Bc5 10. Qd3 O-O {[%emt 0:00:11] B41: Sicilian: Kan Variation: 5 c4} 11. a3 (11. Kh1 Be7 12. f4 d6 13. f5 Nd7 14. Qg3 Ne5 15. f6 Bxf6 16. Rxf6 Kh8 17. Rf1 Nxc4 18. Bxc4 Qxc4 19. Bg5 b5 20. Be7 Rg8 21. Rxf7 b4 22. Bf8 Qd4 23. Rd1 Qe5 24. Bxg7+ {1-0 (24) Moiseenko,V (2528)-Ladva,O (2513) St Petersburg 2016}) 11... Be7 12. Rd1 b6 13. Be3 Bb7 14. f3 d6 15. Rac1 Nd7 $146 ({Predecessor:} 15... Rab8) 16. b4 Rfd8 17. Bf1 Rac8 18. Qd2 Qb8 19. Qf2 Bc6 20. h3 Bf6 21. c5 dxc5 22. Bxa6 Rc7 23. Nb5 Bxb5 24. Bxb5 cxb4 25. axb4 Rxc1 26. Rxc1 Qd6 27. Bxd7 Rxd7 28. Bxb6 h6 29. Bc5 Qa6 30. Qc2 Bg5 31. Rd1 Rb7 32. e5 Rb8 33. Rd7 Qa1+ 34. Kh2 Qxe5+ 35. g3 Qa1 36. Ra7 Qf1 37. f4 Bf6 38. Qg2 Qc4 39. Ra8 Rxa8 40. Qxa8+ Kh7 41. Qg2 e5 42. fxe5 Bxe5 43. Qf2 Kg6 44. Kg2 f5 45. h4 $11 h5 46. Qe3 Qd5+ 47. Kh2 Kh7 48. b5 f4 49. gxf4 Bxf4+ 50. Qxf4 Qxc5 51. Qe4+ g6 52. Qb7+ Kh6 53. b6 Qf2+ 54. Kh3 Qe3+ 55. Kg2 Qe2+ 56. Kg1 Qe1+ 57. Kh2 Qf2+ 58. Kh3 Qe3+ 59. Kg2 Qe2+ 60. Kg3 Qe3+ 1/2-1/2

[Event "13th Poti Nana Aleksandria Cup"]
[Site "Poti"]
[Date "2018.07.19"]
[Round "8"]
[White "Pshmahov, Osman"]
[Black "Bibilashvili, Lali"]
[Result "1-0"]
[ECO "B15"]
[WhiteElo "2136"]
[BlackElo "1816"]
[Annotator "NA"]
[PlyCount "93"]
[EventDate "2018.07.13"]
[EventType "swiss"]
[EventCountry "GEO"]
[SourceTitle "playchess.com"]
[Source "ChessBase"]
[SourceQuality "1"]
[TimeControl "40/5400+30:1800+30"]

1. e4 c6 2. Nc3 d5 3. d4 dxe4 4. Nxe4 Nf6 5. Ng3 h5 6. h4 Bg4 7. f3 Qc7 8. N1e2 Bd7 9. Bf4 Qb6 10. c3 Nd5 11. Qd2 Na6 12. Ne4 O-O-O 13. Ng5 Be8 14. Bh2 e6 $14 (14... e5 $5) 15. Ne4 Be7 16. O-O-O Nf6 17. N2g3 Nc7 18. Nxf6 gxf6 19. Bc4 f5 20. Ne2 Bd6 21. Bxd6 Rxd6 22. Qf4 Rd8 23. Qe5 Rg8 24. Nf4 Nd5 25. Bxd5 cxd5 26. Rd2 Bb5 27. Nxh5 Qa5 28. b3 b6 29. Kb2 Kb7 30. a4 Bd7 31. Ra1 Rc8 32. b4 Qa6 33. Nf6 Qc4 34. Ra3 Rgd8 35. h5 Bxa4 36. h6 a5 37. bxa5 bxa5 38. Qe2 Qc6 39. Ka1 Ka7 40. Rda2 Rb8 41. Rxa4 Qxc3+ 42. Rb2 Rxb2 43. Qxb2 Qe1+ 44. Ka2 Rb8 45. Qc2 Kb7 46. h7 Rc8 47. Qb1+ 1-0

[Event "13th Poti Nana Aleksandria Cup"]
[Site "Poti"]
[Date "2018.07.19"]
[Round "8"]
[White "Eynullayev, Altay"]
[Black "Gordon, Evgeny"]
[Result "1-0"]
[ECO "C10"]
[WhiteElo "2134"]
[BlackElo "2016"]
[Annotator "NA"]
[PlyCount "131"]
[EventDate "2018.07.13"]
[EventType "swiss"]
[EventCountry "GEO"]
[SourceTitle "playchess.com"]
[Source "ChessBase"]
[SourceQuality "1"]
[TimeControl "40/5400+30:1800+30"]

1. e4 e6 2. d4 d5 3. Nc3 dxe4 4. Nxe4 Bd7 5. Nf3 Bc6 6. Bd3 Nd7 7. O-O Ngf6 8. Ng3 Be7 9. b3 O-O 10. c4 b6 {[%emt 0:01:27] C10: Französische Verteidigung (Rubinstein-Variante)} (10... Bxf3 11. Qxf3 c6 12. Bb2 Qa5 13. Rfe1 Ba3 14. Bxa3 Qxa3 15. Re2 Rfd8 16. h3 Nf8 17. Ne4 Nxe4 18. Qxe4 Qd6 19. Rd1 Rd7 20. c5 {0-1 (73) Polgar,J (2680)-Gelfand,B (2758) Moscow 2009}) 11. Bb2 Bb7 12. Qe2 c5 13. Rad1 Bxf3 14. Qxf3 cxd4 15. Bxd4 Qc7 {[%emt 0:16:09] [#]} 16. Qe2 $146 ({Vorgänger:} 16. Ne4 Rad8 17. Nxf6+ Bxf6 18. Qe4 {½-½ (31) Nolte,R (2522)-Gomez,J (2464) Manila 2008}) 16... Rfe8 17. Bb2 Rad8 18. Bb1 Nf8 19. Ne4 Nxe4 $11 20. Qxe4 Rxd1 21. Rxd1 Rd8 22. Rxd8 Qxd8 23. Qe2 Bf6 24. Bc1 Qd4 25. Be3 Qc3 26. Qd3 Qe1+ 27. Qf1 Qc3 28. Qc1 Qxc1+ 29. Bxc1 Bd4 30. Kf1 Nd7 31. Ke2 Kf8 32. f3 h6 33. Kd3 Be5 34. f4 Bd6 35. a3 Ke7 36. b4 f6 37. Ke4 g6 38. g3 Nb8 39. Be3 Nd7 40. Bc2 h5 41. Ba4 Kd8 42. Bd4 Be7 43. Bc2 Kc7 44. Ke3 Nf8 45. Be4 f5 46. Bc2 h4 47. Ba4 hxg3 48. hxg3 g5 49. Be8 Kd8 50. Bf7 gxf4+ 51. gxf4 Kd7 52. c5 bxc5 53. Bxc5 a6 54. Bxe7 Kxe7 55. Bh5 Nd7 56. Be2 Nb8 57. b5 axb5 58. Bxb5 Kd6 59. Kd4 e5+ 60. fxe5+ Ke6 61. a4 f4 62. Ke4 f3 63. Bc4+ Ke7 64. Kxf3 Nc6 65. Ke4 Na5 66. Bd5 1-0

[Event "13th Poti Nana Aleksandria Cup"]
[Site "Poti"]
[Date "2018.07.19"]
[Round "8"]
[White "Avetisyan, Mariam"]
[Black "Vakhania, Aleksandra"]
[Result "1-0"]
[ECO "D10"]
[WhiteElo "2051"]
[BlackElo "2182"]
[Annotator "NA"]
[PlyCount "113"]
[EventDate "2018.07.13"]
[EventType "swiss"]
[EventCountry "GEO"]
[SourceTitle "playchess.com"]
[Source "ChessBase"]
[SourceQuality "1"]
[TimeControl "40/5400+30:1800+30"]

1. d4 d5 2. c4 c6 3. cxd5 cxd5 4. Bf4 Nc6 5. Nc3 Nf6 6. e3 e6 7. Bd3 Bd6 8. Bxd6 Qxd6 9. f4 h6 10. Nf3 g5 11. fxg5 hxg5 12. Nb5 Qe7 13. Ne5 Kf8 $18 (13... a6 $11 14. Qa4 Kf8) 14. O-O Kg7 15. Qf3 Rh6 16. Qg3 Rh5 17. Nxc6 bxc6 18. Nc7 Bb7 19. Nxa8 Bxa8 20. Qb8 Bb7 21. Rf3 g4 22. Rf2 Ne8 23. Raf1 Nd6 24. g3 f5 25. Qxa7 Rh8 26. Qc5 Qd7 27. a4 Nf7 28. Kh1 Ra8 29. a5 Ba6 30. Bxa6 Rxa6 31. b4 Nd6 32. Rf4 Ra8 33. Rc1 Ra6 34. Kg2 Nf7 35. Rh1 Ng5 36. Rb1 Ra8 37. b5 cxb5 38. Qxb5 Qd8 39. Qb6 Qh8 40. Qc7+ Kg6 41. Rf2 Rc8 42. Qe5 Qh5 43. a6 Rc6 44. a7 Nf3 45. Kh1 Nxe5 46. a8=Q Nd3 47. Rd2 Rc3 48. Qa5 Nf2+ 49. Rxf2 Rxe3 50. Re1 Qg5 51. Rf4 Re4 52. Rexe4 dxe4 53. Qe5 Qe7 54. d5 e3 55. Qxe3 e5 56. Qb6+ Kg5 57. Qe6 1-0